 Dungeon Crawl Stone Soup version 0.23-a0-393-g6e9e0f2070 (webtiles) character file.

199 PikkenKukken the Insei (level 5, -8/39 HPs)
             Began as a Demonspawn Transmuter on Oct 31, 2018.
             Killed from afar by Blork the orc (13 damage)
             ... with a puff of frost
             ... on level 4 of the Dungeon.
             The game lasted 00:08:32 (4076 turns).

PikkenKukken the Insei (Demonspawn Transmuter)      Turns: 4076, Time: 00:08:32

Health: -8/39      AC:  2    Str:  8 (11) XL:     5   Next: 48%
Magic:  6/8        EV: 15    Int: 15      God:
Gold:   128        SH:  0    Dex: 13      Spells: 5/8 levels left

rFire    + . .     SeeInvis .     - Unarmed
rCold    x . .     Gourm    .   (no shield)
rNeg     . . .     Faith    .   e - +0 robe
rPois    .         Spirit   .   (no helmet)
rElec    .         Reflect  .   (no cloak)
rCorr    .         Harm     .   (no gloves)
MR       .....                  (no boots)
Stlth    +.........             (no amulet)
HPRegen  0.13/turn              k - ring of fire
MPRegen  0.11/turn              (no ring)

@: no status effects
A: repulsion field 1, demonic guardian 1, powered by pain 1
a: no special abilities


You were on level 4 of the Dungeon.
You were not hungry.

You visited 1 branch of the dungeon, and saw 4 of its levels.

You collected 128 gold pieces.

Inventory:

Hand Weapons
 b - a +0 hunting sling
Missiles
 a - 57 arrows
 j - 66 sling bullets
Armour
 e - a +0 robe (worn)
Jewellery
 k - a ring of fire (left hand)
Scrolls
 c - 6 scrolls of identify
 f - 3 scrolls of remove curse
 i - 2 scrolls of teleportation
 l - a scroll of random uselessness {unknown}
 n - 2 scrolls of enchant armour {unknown}
 p - a scroll of fog {unknown}
Potions
 g - a potion of degeneration
Comestibles
 d - 6 rations
 h - 3 chunks of flesh


   Skills:
 + Level 2.4 Fighting
 + Level 2.8 Dodging
 * Level 4.1 Unarmed Combat
 - Level 2.0 Spellcasting
 + Level 2.7 Transmutations


You had 5 spell levels left.
You knew the following spells:

 Your Spells              Type           Power        Failure   Level  Hunger
a - Beastly Appendage     Tmut           #.....       7%          1    #......
b - Sticks to Snakes      Tmut           #.......     11%         2    ###....

Your spell library contained the following spells:

 Spells                   Type           Power        Failure   Level  Hunger
 Spider Form              Tmut/Pois      #.........   36%         3    ###....
 Ice Form                 Ice/Tmut       #.......     77%         4    #####..
 Blade Hands              Tmut           #.........   89%         5    ######.


Dungeon Overview and Level Annotations

Branches:
Dungeon (4/15)
 Temple: D:4-7

Altars:

Annotations:
D:4 Blork the orc, Natasha


Innate Abilities, Weirdness & Mutations

You are surrounded by a mild repulsion field. (EV +2)
A weak demonic guardian rushes to your aid.
You sometimes gain a little power by taking damage.


Message History

Something barely misses your ball python.
There is an open door here.
There is an open door, spattered with blood here.
Items here: )) [ ÷ a +0 dagger of speed; a +0 chain mail; a +0 club; a hobgoblin skeleton Your quasit disappears in a puff of smoke!
Your ball python withers and dies!
You see here a +0 club.
Your horns disappear.
Your iron imp hits Blork the orc but does no damage.
Natasha wildly gestures.
You feel troubled. Blork the orc closely misses you.
Your iron imp misses Blork the orc.
Blork the orc screams, "I'm much stronger than you!"
Blork the orc closely misses you. Something claws your iron imp.
Blork the orc is no longer moving quickly.
Blork the orc gestures at you while chanting.
The puff of frost hits you!
You feel a terrible chill!
You die...

..#..'...'..'(.#.S.#
..#()#...#..#).#.S##
#.#..#####h#####S.#
#.####[.#.)#...#o##
+.#..'))#..)...#lh..
##.#..##'#h######....
#..####..5.+ .....
#...5..o...# .....
##'#@.###### ##....
#..#..+ #.... #.†####
#.... #.('..#### ##
.####.....####...
..................
...######......... #
#####..##......
........<......>


You could see Blork the orc, Natasha, a friendly iron imp and a friendly quasit.

Vanquished Creatures
  A scorpion (D:3)
  5 adders
  2 oozes
  A worm (D:4)
  3 dart slugs
  5 orcs
  5 giant cockroaches
  5 goblins
  13 hobgoblins
  3 jackals (D:3)
  3 ball pythons
  7 bats
  2 frilled lizards (D:1)
  10 kobolds
  4 rats
69 creatures vanquished.

Vanquished Creatures (collateral kills)
  Natasha (D:4)
  A worker ant (D:4)
  2 hobgoblins (D:4)
  A rat (D:2)
5 creatures vanquished.

Grand Total: 74 creatures vanquished

Notes
Turn   | Place    | Note
-------+----------+-------------------------------------------
     0 | D:1      | PikkenKukken the Demonspawn Transmuter began the quest for
                  | the Orb.
     0 | D:1      | Reached XP level 1. HP: 15/15 MP: 3/3
   585 | D:1      | Gained mutation: You sometimes gain a little power by
                  | taking damage. [demonic ancestry]
   585 | D:1      | Reached XP level 2. HP: 21/21 MP: 3/5
   589 | D:1      | Learned a level 2 spell: Sticks to Snakes
   613 | D:1      | Reached skill level 3 in Unarmed Combat
  1283 | D:2      | Gained mutation: You are surrounded by a mild repulsion
                  | field. (EV +2) [demonic ancestry]
  1283 | D:2      | Reached XP level 3. HP: 26/26 MP: 0/6
  2140 | D:3      | Gained mutation: A weak demonic guardian rushes to your
                  | aid. [demonic ancestry]
  2140 | D:3      | Reached XP level 4. HP: 33/33 MP: 7/7
  3078 | D:3      | Reached XP level 5. HP: 27/38 MP: 1/8
  3521 | D:4      | Reached skill level 4 in Unarmed Combat
  3999 | D:4      | Noticed Natasha
  4017 | D:4      | Killed Natasha
  4039 | D:4      | Noticed Blork the orc
  4047 | D:4      | Noticed Natasha
  4076 | D:4      | Killed from afar by Blork the orc

Vault maps used:
D:1:      minmay_arrival_diagonal_passages
D:3:      first_ration
D:4:      corexii_shantytown, old_standard_altar, uniq_pikel, uniq_natasha,
          uniq_blork_the_orc, uniq_edmund

Skill      XL: |  1  2  3  4  5 |
---------------+----------------+-----
Dodging        | 2 |  2.8
Unarmed Combat | 3 4 |  4.1
Transmutations | 2 |  2.7
Fighting       | 2 |  2.4
Spellcasting   | |  2.0

Action                   |  1- 3 |  4- 6 || total
-------------------------+-------+-------++-------
Melee: Unarmed           |    96 |   145 ||   241
       Kick              |     7 |     7 ||    14
       Headbutt          |     1 |     7 ||     8
 Fire: Hunting sling     |    27 |    11 ||    38
 Cast: Beastly Appendage |     9 |    11 ||    20
       Sticks to Snakes  |     2 |    11 ||    13
  Use: Scroll            |     4 |       ||     4
       Potion            |       |     5 ||     5
 Stab: Distracted        |       |     1 ||     1
       Sleeping          |       |     1 ||     1
  Eat: Chunk             |     3 |     5 ||     8
       Ration            |       |     1 ||     1
Armor: Robe              |    19 |    23 ||    42
Dodge: Dodged            |    75 |   110 ||   185

Table legend:
 A = Non-vault XP
 B = Vault XP
 C = Vault XP percentage of total XP
 D = Non-vault monster count
 E = Vault monster count
 F = Vault count percentage of total count
                 A         B        C        D         E       F
            +---------+---------+-------+---------+---------+-------
      Total |     244 |      41 |  14.4 |      58 |      16 |  21.6
            +---------+---------+-------+---------+---------+-------
        D:1 |      40 |       0 |   0.0 |      20 |       0 |   0.0
        D:2 |      52 |       0 |   0.0 |      17 |       0 |   0.0
        D:3 |     110 |       0 |   0.0 |      18 |       0 |   0.0
        D:4 |      42 |      41 |  49.4 |       3 |      16 |  84.2
            +---------+---------+-------+---------+---------+-------
